 Dungeon Crawl Stone Soup version 0.23-a0-712-g3a644c0 (webtiles) character file.

67 Jeezus the Cudgeler (level 3, -2/31 HPs)
             Began as a Minotaur Berserker on Jan 15, 2019.
             Was a Believer of Trog.
             Killed by nerve-wracking pain
             ... invoked by Jessica
              (14 damage)
             ... on level 2 of the Dungeon.
             The game lasted 00:01:51 (1047 turns).

Jeezus the Cudgeler (Minotaur Berserker)            Turns: 1047, Time: 00:01:51

Health: -2/31      AC:  5    Str: 21    XL:     3   Next: 98%
Magic:  2/2        EV:  8    Int:  5    God:    Trog [**....]
Gold:   57         SH:  7    Dex:  9    Spells: 2/2 levels left

rFire    . . .     SeeInvis .   a - +0 mace
rCold    . . .     Gourm    .   h - +0 shield
rNeg     . . .     Faith    .   k - +0 ring mail (curse)
rPois    .         Spirit   .   (helmet restricted)
rElec    .         Reflect  .   (no cloak)
rCorr    .         Harm     .   (no gloves)
MR       .....                  (no boots)
Stlth    ..........             (no amulet)
HPRegen  0.10/turn              (no ring)
MPRegen  0.08/turn              (no ring)

@: no status effects
A: retaliatory headbutt, horns 2
a: Berserk, Trog's Hand, Renounce Religion


You were on level 2 of the Dungeon.
You worshipped Trog.
Trog was pleased with you.
You were hungry.

You visited 1 branch of the dungeon, and saw 2 of its levels.

You collected 57 gold pieces.

Inventory:

Hand Weapons
 a - a +0 mace (weapon)
Armour
 b - a +0 animal skin
 h - a +0 shield (worn)
 i - a +0 ring mail
 k - a cursed +0 ring mail (worn)
Jewellery
 d - an uncursed ring of poison resistance {unknown}
Scrolls
 g - a scroll of identify {unknown}
Potions
 e - a potion of lignification {unknown}
 f - a potion of curing {unknown}
 j - 2 potions of brilliance {unknown}
 l - a potion of agility {unknown}
Comestibles
 c - 3 rations
 m - 4 chunks of flesh


   Skills:
 - Level 3.6 Fighting
 + Level 5.9 Maces & Flails
 - Level 2.4 Armour
 - Level 2.1 Dodging


You had 2 spell levels left.
You didn't know any spells.
Your spell library was empty.

Dungeon Overview and Level Annotations

Branches:
Dungeon (2/15)

Altars:

Annotations:
D:2 Jessica


Innate Abilities, Weirdness & Mutations

You reflexively headbutt those who attack you in melee.
You have a pair of horns on your head.


Message History

A worm comes into view.
Found a stone staircase leading up.
You are feeling hungry.
Found 2 black potions and 2 bubbling purple potions.
Jessica casts a spell.
Jessica seems to speed up.
The worm barely misses you.
You closely miss Jessica. Jessica gestures at you while chanting.
Pain shoots through your body!
Jessica points at you and mumbles some strange words.
You barely resist. The worm barely misses you.
You hit Jessica. Your headbutt misses Jessica.
Jessica is severely wounded.
You block Jessica's attack. Jessica closely misses you.
You barely miss Jessica.
Jessica is severely wounded.
Jessica barely misses you. The worm bites you.
Jessica points at you and mumbles some strange words.
Pain shoots through your body!
You die...

!.# #.# #.# #.# #.#
#.################
#######.#....(..........
......w@...รท............
##....@.#.#######.######
.'......#.# #.#
##<.....#.# #.#
.....!#.#.# #.#
........#.# #.#
#########.# ##.### ..#
#....# ### #..#.....


You could see a worm and Jessica.

Vanquished Creatures
  2 adders (D:2)
  An ooze (D:1)
  4 dart slugs
  A ball python (D:1)
  4 bats
  A giant cockroach (D:1)
  3 hobgoblins (D:1)
  6 kobolds
  A quokka (D:2)
  A frilled lizard (D:1)
  8 goblins (D:1)
  6 rats (D:1)
38 creatures vanquished.

Notes
Turn   | Place    | Note
-------+----------+-------------------------------------------
     0 | D:1      | Jeezus the Minotaur Berserker began the quest for the Orb.
     0 | D:1      | Reached XP level 1. HP: 19/19 MP: 0/0
    11 | D:1      | Reached skill level 4 in Maces & Flails
    64 | D:1      | Reached XP level 2. HP: 26/26 MP: 1/1
   271 | D:1      | Reached skill level 5 in Maces & Flails
   394 | D:1      | Reached XP level 3. HP: 31/31 MP: 2/2
   622 | D:1      | Reached ** piety under Trog
  1040 | D:2      | Noticed Jessica
  1047 | D:2      | Killed from afar by Jessica

Vault maps used:
D:1:      mrwooster_arrival_statue_2
D:2:      uniq_jessica

Skill      XL: |  1  2 |
---------------+-------+-----
Maces & Flails | 4 5 |  5.9
Fighting       | |  3.6
Armour         | |  2.4
Dodging        | |  2.1

Action                   || total
-------------------------++-------
Melee: Mace              ||    73
       Headbutt          ||    13
Armor: Animal skin       ||     3
       Ring mail         ||    19
Dodge: Dodged            ||    36
Block: Shield            ||    24

Table legend:
 A = Non-vault XP
 B = Vault XP
 C = Vault XP percentage of total XP
 D = Non-vault monster count
 E = Vault monster count
 F = Vault count percentage of total count
                 A         B        C        D         E       F
            +---------+---------+-------+---------+---------+-------
      Total |      96 |       0 |   0.0 |      38 |       0 |   0.0
            +---------+---------+-------+---------+---------+-------
        D:1 |      60 |       0 |   0.0 |      31 |       0 |   0.0
        D:2 |      36 |       0 |   0.0 |       7 |       0 |   0.0
            +---------+---------+-------+---------+---------+-------
